 Dungeon Crawl Stone Soup version 0.21.1-1-g345015f (webtiles) character file.

1062 Fang the Chopper (level 8, 0/51 HPs)
             Began as a Gargoyle Berserker on June 15, 2018.
             Was a Priest of Trog.
             Splashed by an orc's acid (12 damage)
             ... on level 4 of the Dungeon.
             The game lasted 00:05:45 (4904 turns).

Fang the Chopper (Gargoyle Berserker)               Turns: 4904, Time: 00:05:45

Health: 0/51       AC:  3    Str: 22 (23) XL:     8   Next: 27%
Magic:  8/8        EV: 12    Int:  7 (8)  God:    Trog [***...]
Gold:   234        SH:  0    Dex:  6 (9)  Spells: 7/7 levels left

rFire    . . .     SeeInvis .   a - +0 hand axe
rCold    . . .     Gourm    .   (no shield)
rNeg     + . .     Faith    .   b - +0 animal skin
rPois    ∞         Spirit   .   (no helmet)
rElec    +         Reflect  .   (no cloak)
rCorr    .         Harm     .   (no gloves)
MR       .....                  (no boots)
Stlth    +.........             (no amulet)
HPRegen  0.17/turn              (no ring)
MPRegen  0.11/turn              (no ring)

@: corroded
A: negative energy resistance 1, electricity resistance, unbreathing,
petrification resistance, rot immunity, AC +5
a: Berserk, Trog's Hand, Burn Spellbooks, Renounce Religion


You were on level 4 of the Dungeon.
You worshipped Trog.
Trog was most pleased with you.
You were not hungry.

You visited 1 branch of the dungeon, and saw 5 of its levels.

You collected 234 gold pieces.

Inventory:

Hand Weapons
 a - a +0 hand axe (weapon)
Armour
 b - a +0 animal skin (worn)
Wands
 r - a wand of iceblast (6)
Scrolls
 f - a scroll of teleportation
 j - 3 scrolls of identify
 k - a scroll of fog
 q - a scroll of remove curse
Potions
 o - a potion of flight
Books
 l - a book of Misfortune

   Spells                             Type                      Level
   a - Confusing Touch                Hexes                        1
   b - Confuse                        Hexes                        3
   c - Gell's Gravitas                Translocation                3
   d - Petrify                        Transmutation/Earth          4
   e - Metabolic Englaciation         Hexes/Ice                    5
   f - Yara's Violent Unravelling     Hexes/Transmutation          5
   Trog disapproves of the use of such an item.
Comestibles
 c - 7 rations


   Skills:
 + Level 5.7 Fighting
 + Level 6.8 Axes
 + Level 2.2 Armour
 + Level 4.0 Dodging
 + Level 1.8 Stealth


You had 7 spell levels left.
You didn't know any spells.

Dungeon Overview and Level Annotations

Branches:
Dungeon (5/15)
 Temple: D:4-7

Altars:
Ashenzari
Dithmenos
Elyvilon
Qazlal
Wu Jian
Yredelemnul

Shops:
D:4 (


Innate Abilities, Weirdness & Mutations

You are resistant to torment.
Your stone body is resilient. (AC +5)
You are immune to poison.
You resist negative energy. (rN+)
You are resistant to electric shocks. (rElec)
You can survive without breathing.
You are immune to petrification.
You are immune to rotting.


Message History

The orc shoots a stone.
The stone barely misses you.
The orc shoots a stone.
The stone hits you but does no damage.
You see here a stone.
The orc zaps a wand.
The bolt of acid hits you! The acid corrodes you!
You are splashed with acid!
The acid burns!
It is a wand of acid (8).
The orc shoots a stone.
The stone hits you! The stone freezes you.
You see here a stone.
You are too injured to fight recklessly!
You are too injured to fight recklessly!
You are too injured to fight recklessly!
You are too injured to fight recklessly!
You are too injured to fight recklessly!
You are too injured to fight recklessly!
You are too injured to fight recklessly!
You are too injured to fight recklessly!
You are too injured to fight recklessly!
The orc zaps a wand.
The bolt of acid hits you!
* * * LOW HITPOINT WARNING * * *
You are splashed with acid!
The acid burns!
You die...

#.# #...#...........######.
#.# #...#...........##.....
#.####...#...........##.###.
#....................##.###.
######........((.........##.
#.........(.........###
#.........).........# #
#...#.o.............###
#...#.@................
#...#.(..............#.
#.............##.....#.
#.....(.......##.....#.
###...........#......#.
#...........#......#.
#...(.......#......#.
#...........#......#.
#...........#.....##.


You could see an orc.

Vanquished Creatures
  The ghost of Fang the Skirmisher, an amateur GrBe of Trog (D:4)
  An ice beast (D:5)
  An ogre (D:5)
  A scorpion (D:5)
  3 howler monkeys
  A centaur skeleton (D:5)
  A centaur zombie (D:5)
  A hound (D:5)
  A jelly (D:5)
  Crazy Yiuf (D:2)
  A bullfrog skeleton (D:4)
  3 orc wizards (D:4)
  6 worker ants
  2 hound zombies (D:5)
  3 gnolls (D:3)
  6 adders
  A shadow imp (D:5)
  A worm (D:5)
  A dart slug (D:1)
  4 leopard geckos
  11 orcs
  10 bats
  5 giant cockroaches
  2 gnoll zombies (D:5)
  3 goblins
  7 hobgoblins
  3 jackals
  2 quokkas
  5 frilled lizards
  2 kobolds (D:1)
  A leopard gecko skeleton (D:5)
  6 rats
97 creatures vanquished.

Vanquished Creatures (others)
  A bat (D:1)
1 creature vanquished.

Grand Total: 98 creatures vanquished

Notes
Turn   | Place    | Note
-------+----------+-------------------------------------------
     0 | D:1      | Fang the Gargoyle Berserker began the quest for the Orb.
     0 | D:1      | Reached XP level 1. HP: 14/14 MP: 1/1
   101 | D:1      | Reached XP level 2. HP: 7/19 MP: 2/2
   474 | D:1      | Reached skill level 3 in Axes
   975 | D:1      | Reached ** piety under Trog
   975 | D:1      | Reached XP level 3. HP: 24/24 MP: 3/3
  1546 | D:2      | Found a white marble altar of Elyvilon.
  1638 | D:2      | Found a runed door.
  1947 | D:2      | Noticed Crazy Yiuf
  1951 | D:2      | Killed Crazy Yiuf
  1951 | D:2      | Reached XP level 4. HP: 29/29 MP: 4/4
  2057 | D:3      | Reached skill level 1 in Stealth
  2286 | D:3      | Found a shattered altar of Ashenzari.
  2301 | D:3      | Reached XP level 5. HP: 21/33 MP: 5/5
  2423 | D:3      | You fall through a shaft for 2 floors!
  2423 | D:5      | Entered Level 5 of the Dungeon
  2437 | D:5      | Noticed an ogre
  2446 | D:5      | Reached skill level 4 in Axes
  2448 | D:5      | Killed an ogre
  2448 | D:5      | Reached XP level 6. HP: 39/39 MP: 6/6
  2579 | D:5      | Noticed a fire elemental
  2587 | D:5      | Noticed an ice beast
  2602 | D:5      | Killed an ice beast
  2602 | D:5      | Reached skill level 5 in Axes
  2669 | D:5      | Found a shadowy altar of Dithmenos.
  2771 | D:5      | Reached XP level 7. HP: 30/44 MP: 7/7
  3028 | D:5      | Reached *** piety under Trog
  3032 | D:5      | Found a basalt altar of Yredelemnul.
  3092 | D:5      | Reached skill level 5 in Fighting
  3314 | D:5      | Found a stormy altar of Qazlal.
  3316 | D:5      | Noticed a water elemental
  3316 | D:5      | Noticed an air elemental
  3447 | D:4      | Reached skill level 6 in Axes
  3805 | D:4      | Reached XP level 8. HP: 36/50 MP: 8/8
  3894 | D:4      | Found an ornate altar of the Wu Jian Council.
  3916 | D:4      | Noticed Fang's ghost (amateur GrBe)
  3930 | D:4      | Killed Fang's ghost
  4531 | D:4      | Found Soykkyg's Antique Weapon Emporium.
  4904 | D:4      | Splashed by an orc's acid

Skill      XL: |  1  2  3  4  5  6  7  8 |
---------------+-------------------------+-----
Axes           | 3 4 5 6 |  6.8
Dodging        | 2 3 4 |  4.0
Fighting       | 4 5 |  5.7
Stealth        | 1 |  1.8
Armour         | |  2.2

Action                   |  1- 3 |  4- 6 |  7- 9 || total
-------------------------+-------+-------+-------++-------
Melee: Hand axe          |   141 |   108 |   150 ||   399
Invok: Berserk           |     1 |     4 |     4 ||     9
  Use: Scroll            |       |       |     9 ||     9
       Potion            |       |       |     6 ||     6
  Eat: Chunk             |     3 |     7 |     2 ||    12
       Ration            |       |       |     3 ||     3
Armor: Animal skin       |    66 |    40 |    96 ||   202
Dodge: Dodged            |   132 |   108 |   146 ||   386
